MID
HICKORY CRAWDADS @ LAKE COUNTY CAPTAINS
06/15/2046
 
TOP OF THE 1ST
Hickory Crawdads batting - Pitching for Lake County Captains : LHP Baltwin van Vliet
Pitching: LHP Baltwin van Vliet
Batting: RHB Jeremy Boerman 0-0: Ball
1-0: Called Strike
1-1: Swinging Strike
1-2: Ball
2-2: Strikes out swinging
Batting: RHB Nick Solberg 0-0: Ball
1-0: Ball
2-0: SINGLE (Groundball, 6, EV 111.2 MPH)
Batting: RHB Michel Martineau 0-0: Called Strike
0-1: Foul Ball, location: 2F
0-2: Ball
1-2: Ball
2-2: Ball
3-2: Foul Ball, location: 2F
3-2: SINGLE (Groundball, 34, EV 105.0 MPH)
Nick Solberg to second
Nick Solberg to third
Batting: RHB George King 0-0: Foul Ball, location: 2F
0-1: Ball
1-1: Foul Ball, location: 2F
1-2: Strikes out swinging
Batting: RHB Shoh Tanioka 0-0: Ball
1-0: Foul Ball, location: 2F
1-1: Ball
2-1: Ball
3-1: Foul Ball, location: 2F
3-2: Base on Balls
Michel Martineau to second
Batting: LHB Sadamu Noguchi 0-0: Foul Ball, location: 2F
0-1: Called Strike
0-2: Ball
1-2: Fly out, F7 (Flyball, 7S, EV 87.5 MPH)
Top of the 1st over - 0 runs, 2 hits, 0 errors, 3 left on base; Hickory 0 - Lake County 0
BOTTOM OF THE 1ST
Lake County Captains batting - Pitching for Hickory Crawdads : RHP Tse-peng Kuang
Pitching: RHP Tse-peng Kuang
Batting: LHB Devon Grant 0-0: Ball
1-0: Ball
2-0: Ball
3-0: Called Strike
3-1: Bunt for hit to 2R - play at first, batter OUT! 2-3
Batting: RHB Steve Gusman 0-0: Called Strike
0-1: Swinging Strike
0-2: Strikes out swinging
Batting: LHB Danny Moreno 0-0: Foul Ball, location: 2F
0-1: Ball
1-1: Swinging Strike
1-2: Foul Ball, location: 2F
1-2: Strikes out swinging
Bottom of the 1st over - 0 runs, 0 hits, 0 errors, 0 left on base; Hickory 0 - Lake County 0
TOP OF THE 2ND
Hickory Crawdads batting - Pitching for Lake County Captains : LHP Baltwin van Vliet
Batting: RHB Chris Powell 0-0: Called Strike
0-1: DOUBLE (Line Drive, 9LS, EV 93.8 MPH)
Batting: RHB Ricky Carbajal 0-0: SINGLE (Line Drive, 4D, EV 98.1 MPH)
Chris Powell to third
Batting: RHB Vinny Luna 0-0: Ball
1-0: Ball
Ricky Carbajal is caught stealing 2nd base 2-4
2-0: Ball
3-0: Base on Balls
Batting: RHB Jeremy Boerman 0-0: Ball
1-0: Ball
2-0: Foul Ball, location: 2F
2-1: Fly out, F9 (Flyball, 9LM, EV 89.4 MPH)
Runner from 3rd tags up, OUT at HOME! 9-2
Top of the 2nd over - 0 runs, 2 hits, 0 errors, 1 left on base; Hickory 0 - Lake County 0
BOTTOM OF THE 2ND
Lake County Captains batting - Pitching for Hickory Crawdads : RHP Tse-peng Kuang
Batting: RHB Shane Smith 0-0: Called Strike
0-1: Called Strike
0-2: Ball
1-2: Ball
2-2: Strikes out swinging
Batting: RHB Ricky Butts 0-0: Ball
1-0: Ball
2-0: Called Strike
2-1: Ground out 6-3 (Groundball, 6, EV 85.0 MPH)
Batting: RHB Josh Stinnett 0-0: Swinging Strike
0-1: Ground out 5-3 (Groundball, 56, EV 88.1 MPH)
Bottom of the 2nd over - 0 runs, 0 hits, 0 errors, 0 left on base; Hickory 0 - Lake County 0
TOP OF THE 3RD
Hickory Crawdads batting - Pitching for Lake County Captains : LHP Baltwin van Vliet
Batting: RHB Nick Solberg 0-0: Called Strike
0-1: Ground out 4-3 (Groundball, 4MS, EV 78.8 MPH)
Batting: RHB Michel Martineau 0-0: Ball
1-0: Foul Ball, location: 2F
1-1: Ground out 1-3 (Groundball, 13S, EV 69.4 MPH)
Batting: RHB George King 0-0: SOLO HOME RUN (Line Drive, 7D, EV 98.8 MPH), Distance : 413 ft
Batting: RHB Shoh Tanioka 0-0: Called Strike
0-1: Ball
1-1: Ball
2-1: Ball
3-1: Base on Balls
Batting: LHB Sadamu Noguchi 0-0: Ball
1-0: Fly out, F3 (Line Drive, 3, EV 72.5 MPH)
Top of the 3rd over - 1 run, 1 hit, 0 errors, 1 left on base; Hickory 1 - Lake County 0
BOTTOM OF THE 3RD
Lake County Captains batting - Pitching for Hickory Crawdads : RHP Tse-peng Kuang
Batting: RHB Seth Rutz 0-0: Called Strike
0-1: Ball
1-1: Ball
2-1: SINGLE (Groundball, 6MD, EV 98.8 MPH)
Batting: RHB Reynaldo Herrera 0-0: Called Strike
0-1: Foul Ball, location: 2F
0-2: Ball
1-2: Ball
2-2: Ball
3-2: Strikes out swinging
Batting: RHB Vij Ramamani 0-0: Ball
1-0: Grounds into double play, 5-4-3 (Groundball, 56S, EV 81.2 MPH)
Bottom of the 3rd over - 0 runs, 1 hit, 0 errors, 0 left on base; Hickory 1 - Lake County 0
TOP OF THE 4TH
Hickory Crawdads batting - Pitching for Lake County Captains : LHP Baltwin van Vliet
Batting: RHB Chris Powell 0-0: SINGLE (Groundball, 6D, EV 98.8 MPH)
Batting: RHB Ricky Carbajal 0-0: Reached on error, E5 (Groundball, 56S, EV 65.0 MPH)
Chris Powell to second
Batting: RHB Vinny Luna 0-0: Called Strike
0-1: Fly out, F4 (Line Drive, 4, EV 70.6 MPH)
Batting: RHB Jeremy Boerman 0-0: Ball
1-0: Ball
2-0: Swinging Strike
2-1: Called Strike
Chris Powell steals 3rd base
Ricky Carbajal to second
2-2: Foul Ball, location: 2F
2-2: Strikes out swinging
Batting: RHB Nick Solberg 0-0: Ball
1-0: Swinging Strike
1-1: Foul Ball, location: 2F
1-2: SINGLE (Groundball, 56D, EV 98.1 MPH)
Chris Powell scores
Ricky Carbajal to third
Runner from 3rd tries for Home, SAFE, throw by LF to home
Batting: RHB Michel Martineau 0-0: Called Strike
0-1: Fielders Choice at 2nd, 5-4 (Groundball, 5, EV 102.5 MPH)
Top of the 4th over - 2 runs, 2 hits, 1 error, 1 left on base; Hickory 3 - Lake County 0
BOTTOM OF THE 4TH
Lake County Captains batting - Pitching for Hickory Crawdads : RHP Tse-peng Kuang
Batting: LHB Devon Grant 0-0: Ground out 5-3 (Groundball, 56S, EV 87.5 MPH)
Batting: RHB Steve Gusman 0-0: Ball
1-0: Ball
2-0: Called Strike
2-1: Bunted foul
2-2: Foul Ball, location: 2F
2-2: Ball
3-2: Foul Ball, location: 2F
3-2: Strikes out swinging
Batting: LHB Danny Moreno 0-0: Foul Ball, location: 2F
0-1: Foul Ball, location: 2F
0-2: Strikes out swinging
Bottom of the 4th over - 0 runs, 0 hits, 0 errors, 0 left on base; Hickory 3 - Lake County 0
TOP OF THE 5TH
Hickory Crawdads batting - Pitching for Lake County Captains : LHP Baltwin van Vliet
Batting: RHB George King 0-0: Ball
1-0: Fly out, F8 (Flyball, 8RD, EV 90.6 MPH)
Batting: RHB Shoh Tanioka 0-0: Fly out, F6 (Line Drive, 6M, EV 66.2 MPH)
Batting: LHB Sadamu Noguchi 0-0: Ball
1-0: Foul Ball, location: 2F
1-1: Called Strike
1-2: Ball
2-2: Ball
3-2: Foul Ball, location: 2F
3-2: Base on Balls
Batting: RHB Chris Powell 0-0: Called Strike
0-1: Called Strike
0-2: Foul Ball, location: 2F
0-2: Foul Ball, location: 2F
0-2: Ball
Sadamu Noguchi steals 2nd base
1-2: Foul Ball, location: 2F
1-2: Strikes out looking
Top of the 5th over - 0 runs, 0 hits, 0 errors, 1 left on base; Hickory 3 - Lake County 0
BOTTOM OF THE 5TH
Lake County Captains batting - Pitching for Hickory Crawdads : RHP Tse-peng Kuang
Batting: RHB Shane Smith 0-0: Ball
1-0: Ball
2-0: Swinging Strike
2-1: Ball
3-1: Called Strike
3-2: Strikes out swinging
Batting: RHB Ricky Butts 0-0: Called Strike
0-1: Ball
1-1: Ball
2-1: Ball
3-1: Called Strike
3-2: Strikes out looking
Batting: RHB Josh Stinnett 0-0: Called Strike
0-1: Swinging Strike
0-2: Ball
1-2: Foul Ball, location: 2F
1-2: Ball
2-2: Ball
3-2: Strikes out looking
Bottom of the 5th over - 0 runs, 0 hits, 0 errors, 0 left on base; Hickory 3 - Lake County 0
TOP OF THE 6TH
Hickory Crawdads batting - Pitching for Lake County Captains : LHP Baltwin van Vliet
Batting: RHB Ricky Carbajal 0-0: Called Strike
0-1: SINGLE (Groundball, P, EV 86.9 MPH) (infield hit)
Batting: RHB Vinny Luna 0-0: Ball
1-0: Called Strike
1-1: Ball
2-1: Ball
3-1: Swinging Strike
3-2: DOUBLE (Line Drive, 9LS, EV 101.2 MPH)
Ricky Carbajal to third
Ricky Carbajal scores
Batting: RHB Jeremy Boerman 0-0: Ball
1-0: Ball
2-0: Ball
3-0: Base on Balls
Batting: RHB Nick Solberg 0-0: Called Strike
0-1: Fly out, F9 (Line Drive, 9LM, EV 97.5 MPH)
Batting: RHB Michel Martineau 0-0: Swinging Strike
0-1: Foul Ball, location: 2F
0-2: Ball
1-2: Foul Ball, location: 2F
1-2: Ball
2-2: Foul Ball, location: 2F
2-2: Ball
3-2: Foul Ball, location: 2F
3-2: 3-RUN HOME RUN (Flyball, 9D, EV 90.6 MPH), Distance : 355 ft
Pitching: LHP Aaron Manees
Batting: RHB George King 0-0: Called Strike
0-1: Ball
1-1: Called Strike
1-2: Ball
2-2: Strikes out swinging
Batting: RHB Shoh Tanioka 0-0: Ball
1-0: Ground out 6-3 (Groundball, 6, EV 106.9 MPH)
Top of the 6th over - 4 runs, 3 hits, 0 errors, 0 left on base; Hickory 7 - Lake County 0
BOTTOM OF THE 6TH
Lake County Captains batting - Pitching for Hickory Crawdads : RHP Tse-peng Kuang
Batting: RHB Seth Rutz 0-0: Foul Ball, location: 2F
0-1: Ball
1-1: Swinging Strike
1-2: SINGLE (Groundball, 6D, EV 103.1 MPH)
Batting: RHB Reynaldo Herrera 0-0: Called Strike
0-1: Swinging Strike
0-2: Strikes out swinging
Batting: RHB Vij Ramamani 0-0: Ball
1-0: Foul Ball, location: 2F
1-1: SINGLE (Groundball, 25, EV 66.2 MPH) (infield hit)
Seth Rutz to second
Batting: LHB Devon Grant 0-0: Ball
1-0: Ball
2-0: Fly out, F8 (Flyball, 78D, EV 82.5 MPH)
Batting: RHB Steve Gusman 0-0: SINGLE (Flyball, 4D, EV 83.8 MPH)
Seth Rutz to third
Vij Ramamani to second
Runner from 3rd tries for Home, throw by CF and OUT! 8-2
Bottom of the 6th over - 0 runs, 3 hits, 0 errors, 2 left on base; Hickory 7 - Lake County 0
TOP OF THE 7TH
Hickory Crawdads batting - Pitching for Lake County Captains : LHP Aaron Manees
Pinch Hitting: RHB Joe Fiorito 0-0: Foul Ball, location: 2F
0-1: Swinging Strike
0-2: Foul Ball, location: 2F
0-2: Ball
1-2: Ball
2-2: Ball
3-2: Strikes out looking
Batting: RHB Chris Powell 0-0: Swinging Strike
0-1: Ball
1-1: Foul Ball, location: 2F
1-2: Ball
2-2: SINGLE (Groundball, 34, EV 99.4 MPH)
Batting: RHB Ricky Carbajal 0-0: 2-RUN HOME RUN (Flyball, 78XD, EV 114.4 MPH), Distance : 438 ft
Pinch Hitting: RHB Justin Aslinger 0-0: Called Strike
0-1: Ball
1-1: Ball
2-1: Ground out 5-3 (Groundball, 56S, EV 90.0 MPH)
Batting: RHB Jeremy Boerman 0-0: Called Strike
0-1: Ball
1-1: Ball
2-1: Fly out, F9 (Flyball, 9S, EV 74.4 MPH)
Top of the 7th over - 2 runs, 2 hits, 0 errors, 0 left on base; Hickory 9 - Lake County 0
BOTTOM OF THE 7TH
Lake County Captains batting - Pitching for Hickory Crawdads : RHP Tse-peng Kuang
Now at 1B: Justin Aslinger
Now in RF: Joe Fiorito
Batting: LHB Danny Moreno 0-0: Swinging Strike
0-1: Ball
1-1: Ground out 4-3 (Groundball, 34, EV 106.9 MPH)
Batting: RHB Shane Smith 0-0: Foul Ball, location: 2F
0-1: Called Strike
0-2: Foul Ball, location: 2F
0-2: Ball
1-2: Foul Ball, location: 2F
1-2: Foul Ball, location: 2F
1-2: Ball
2-2: Strikes out swinging
Batting: RHB Ricky Butts 0-0: Fly out, F7 (Line Drive, 78M, EV 88.1 MPH)
Bottom of the 7th over - 0 runs, 0 hits, 0 errors, 0 left on base; Hickory 9 - Lake County 0
TOP OF THE 8TH
Hickory Crawdads batting - Pitching for Lake County Captains : LHP Aaron Manees
Batting: RHB Nick Solberg 0-0: Swinging Strike
0-1: Ball
1-1: Ground out 6-3 (Groundball, 6, EV 103.8 MPH)
Batting: RHB Michel Martineau 0-0: Foul Ball, location: 2F
0-1: Ball
1-1: Ball
2-1: Fly out, F7 (Flyball, 78M, EV 80.6 MPH)
Pinch Hitting: RHB Josh Ferguson 0-0: Foul Ball, location: 2F
0-1: SINGLE (Line Drive, 6M, EV 98.8 MPH)
Batting: RHB Shoh Tanioka 0-0: Reached on error, E6 (Groundball, 6, EV 103.8 MPH)
Josh Ferguson to second
Batting: RHB Joe Fiorito 0-0: Foul Ball, location: 2F
0-1: Ball
1-1: Ball
2-1: Foul Ball, location: 2F
2-2: SINGLE (Line Drive, 5D, EV 98.1 MPH)
Josh Ferguson to third
Shoh Tanioka to second
Runner from 3rd tries for Home, throw by LF and OUT! 7-2
Top of the 8th over - 0 runs, 2 hits, 1 error, 2 left on base; Hickory 9 - Lake County 0
BOTTOM OF THE 8TH
Lake County Captains batting - Pitching for Hickory Crawdads : RHP Tse-peng Kuang
Now at 2B: Josh Ferguson
Batting: RHB Josh Stinnett 0-0: Foul Ball, location: 2F
0-1: Called Strike
0-2: Strikes out looking
Batting: RHB Seth Rutz 0-0: Hit by Pitch
Batting: RHB Reynaldo Herrera 0-0: Fly out, F9 (Flyball, 9, EV 91.2 MPH)
Batting: RHB Vij Ramamani 0-0: Foul Ball, location: 2F
0-1: Ball
1-1: Foul Ball, location: 2F
1-2: SINGLE (Line Drive, 8RS, EV 98.8 MPH)
Seth Rutz to second
Batting: LHB Devon Grant 0-0: Ball
1-0: Ball
2-0: Called Strike
2-1: Swinging Strike
2-2: Ball
3-2: Strikes out looking
Bottom of the 8th over - 0 runs, 1 hit, 0 errors, 2 left on base; Hickory 9 - Lake County 0
TOP OF THE 9TH
Hickory Crawdads batting - Pitching for Lake County Captains : LHP Aaron Manees
Pitching: LHP Jordan Jimenez
Batting: RHB Chris Powell 0-0: Ball
1-0: Foul Ball, location: 2F
1-1: Called Strike
1-2: Ball
2-2: Ball
3-2: SINGLE (Flyball, 89S, EV 99.4 MPH)
Batting: RHB Ricky Carbajal 0-0: Swinging Strike
0-1: Ball
1-1: Ball
2-1: Foul Ball, location: 2F
2-2: Strikes out swinging
Pinch Hitting: RHB David Fernandez 0-0: Swinging Strike
0-1: Called Strike
0-2: Ball
1-2: Ball
Wild Pitch!
Chris Powell to second
2-2: Ball
3-2: Ground out U3 (Groundball, 3, EV 86.2 MPH)
Chris Powell to third
Batting: RHB Jeremy Boerman 0-0: Called Strike
0-1: Ball
1-1: Fly out, F8 (Flyball, 89M, EV 78.8 MPH)
Top of the 9th over - 0 runs, 1 hit, 0 errors, 1 left on base; Hickory 9 - Lake County 0
BOTTOM OF THE 9TH
Lake County Captains batting - Pitching for Hickory Crawdads : RHP Tse-peng Kuang
Pitching: RHP Aaron McKinney
Now at 1B: David Fernandez
Batting: RHB Steve Gusman 0-0: Ground out 5-3 (Groundball, 5S, EV 68.8 MPH)
Batting: LHB Danny Moreno 0-0: Ball
1-0: Ball
2-0: Called Strike
2-1: Called Strike
2-2: Strikes out swinging
Batting: RHB Shane Smith 0-0: Foul Ball, location: 2F
0-1: Foul Ball, location: 2F
0-2: Ball
1-2: Strikes out looking
Bottom of the 9th over - 0 runs, 0 hits, 0 errors, 0 left on base; Hickory 9 - Lake County 0
Tuesday, September 13th , 2022 - OOTP Baseball 23.7 Build 88